 Dungeon Crawl Stone Soup version 0.28-a0-622-gbaef9634d7 (webtiles) character file.

Game seed: 3812451166369758988

621 ytrimaz the Skirmisher (level 7, -1/63 HPs)
             Began as a Hill Orc Monk on Oct 7, 2021.
             Slain by an ogre (15 damage)
             ... on level 4 of the Dungeon.
             The game lasted 00:09:50 (4301 turns).

ytrimaz the Skirmisher (Hill Orc Monk)              Turns: 4301, Time: 00:09:50

Health: -1/63      AC: 10    Str: 16    XL:     7   Next: 46%
Magic:  7/7        EV:  7    Int: 10    God:
Gold:   63         SH:  0    Dex: 13    Spells: 6/6 levels left

rFire   . . .      SeeInvis .   d - +4 dagger (drain)
rCold   . . .      Faith    .   (no shield)
rNeg    . . .      Spirit   .   n - +0 chain mail
rPois   .          Reflect  .   (no helmet)
rElec   .          Harm     .   i - +0 cloak
rCorr   .          Rampage  .   f - +0 pair of gloves
Will    .....                   (no boots)
Stlth   ..........              (no amulet)
HPRegen 0.20/turn               (no ring)
MPRegen 0.10/turn               (no ring)

@: about to teleport, on berserk cooldown, slowed, very slow
A: no striking features
a: no special abilities


You were on level 4 of the Dungeon.
You visited 1 branch of the dungeon, and saw 4 of its levels.

You collected 219 gold pieces.
You spent 156 gold pieces at shops.

Inventory:

Hand Weapons
 a - a +0 hand axe
 d - a +4 dagger of draining (weapon)
Armour
 f - a +0 pair of gloves (worn)
 i - a +0 cloak (worn)
 n - a +0 chain mail (worn)
Scrolls
 c - a scroll of teleportation
 e - 5 scrolls of identify
 j - a scroll of fog {unknown}
 k - a scroll of noise {unknown}
 l - a scroll of silence {unknown}
 o - 2 scrolls of acquirement {unknown}
 p - a scroll of holy word {unknown}
Potions
 b - a potion of magic {unknown}
 h - 3 potions of mutation
 q - a potion of flight {unknown}


   Skills:
 + Level 6.0 Fighting
 * Level 5.4 Short Blades
 - Level 4.3 Axes
 + Level 3.8 Dodging
 - Level 1.5 Stealth


You had 6 spell levels left.
You didn't know any spells.
Your spell library was empty.

Dungeon Overview and Level Annotations

Branches:
Dungeon (4/15)
 Temple: D:4-7

Altars:
Fedhas
Kikubaaqudgha
Makhleb
Qazlal
Zin

Shops:
D:3 ?!


Message History

You hit the phantom.
The phantom is almost destroyed.
The phantom barely misses you.
You hit the phantom but do no damage.
The phantom is almost destroyed.
The phantom hits you but does no damage.
You completely miss the phantom.
The phantom is almost destroyed.
The ogre hits you with a +0 giant club!!
* * * LOW HITPOINT WARNING * * *
The phantom hits you but does no damage.
A red film seems to cover your vision as you go berserk!
You feel yourself moving faster!
You feel mighty! The ogre hits you but does no damage. The phantom hits you.
* * * LOW HITPOINT WARNING * * *
The phantom blinks!
You blink.
You miss the phantom.
The phantom is almost destroyed.
You completely miss the phantom.
The phantom is almost destroyed.
The phantom hits you.
* * * LOW HITPOINT WARNING * * *
The phantom blinks!
You blink.
You barely miss the phantom.
The phantom is almost destroyed.
You closely miss the phantom.
The phantom is almost destroyed.
The phantom hits you.
* * * LOW HITPOINT WARNING * * *
You hit the phantom.
You destroy the phantom!
Your Fighting skill increases to level 6!
You feel a strong urge to attack something.
You are no longer berserk.
You are exhausted.
You feel yourself slow down.
As you read the scroll labelled GEUROG VIOZXA, it crumbles to dust.
You feel strangely unstable.
It was a scroll of teleportation.
The ogre hits you with a +0 giant club!
You die...

#................. #####
#.#..##..........# ....#
#####.....#..........#
....####......##.............
....##...#######.......#.....
)<......<## ##)#....###...#
....#..#..### #..###.......##
.......##...###.####.........
....##..###..)..@O.........##
....###...####..####.......#
....#####......#####.......#
#####.(....##..............#
#.........##.#.#.......#
#.......##.#.#.#.#.....#
#.......#.........######
#.......##.##.##.##
#......##..#...#..#


You could see an ogre.

Vanquished Creatures
  A water moccasin (D:4)
  2 ogres
  A phantom (D:4)
  A howler monkey (D:4)
  A hound (D:4)
  Terence (D:3)
  An iguana (D:4)
  Robin (D:3)
  5 adders
  An adder skeleton (D:4)
  2 worms
  A dart slug (D:1)
  10 orcs (D:4)
  6 endoplasms
  2 giant cockroaches
  14 goblins
  9 hobgoblins
  A quokka (D:1)
  7 ball pythons
  5 bats
  6 frilled lizards
  8 kobolds
  13 rats
99 creatures vanquished.

Notes
Turn   | Place    | Note
-------+----------+-------------------------------------------
     0 | D:1      | ytrimaz the Hill Orc Monk began the quest for the Orb.
     0 | D:1      | Reached XP level 1. HP: 19/19 MP: 1/1
    81 | D:1      | Found a faded altar of an unknown god.
   241 | D:1      | Reached XP level 2. HP: 27/27 MP: 2/2
   567 | D:1      | Reached skill level 4 in Fighting
   850 | D:1      | Reached XP level 3. HP: 32/33 MP: 3/3
  1232 | D:2      | Reached skill level 1 in Short Blades
  1882 | D:3      | Noticed Terence
  1894 | D:3      | Killed Terence
  1895 | D:3      | Reached XP level 4. HP: 36/41 MP: 4/4
  1994 | D:3      | Found Newuroo's Magic Scroll Shop.
  2004 | D:3      | Noticed an ogre
  2050 | D:3      | Killed an ogre
  2051 | D:3      | Reached XP level 5. HP: 15/47 MP: 5/5
  2059 | D:3      | Reached skill level 5 in Fighting
  2364 | D:3      | Found Cyahaecu's Distillery.
  2374 | D:3      | Bought a potion of curing for 33 gold pieces
  2374 | D:3      | Bought a potion of degeneration for 11 gold pieces
  2374 | D:3      | Bought a potion of mutation for 88 gold pieces
  2456 | D:3      | Noticed Robin
  2692 | D:3      | Killed Robin
  3069 | D:3      | Found a stormy altar of Qazlal.
  3069 | D:3      | Found a faded altar of an unknown god.
  3077 | D:3      | Found a blossoming altar of Fedhas.
  3079 | D:3      | Found a glowing silver altar of Zin.
  3081 | D:3      | Found a burning altar of Makhleb.
  3138 | D:3      | Found an ancient bone altar of Kikubaaqudgha.
  3183 | D:3      | Bought a scroll of identify for 24 gold pieces
  3322 | D:4      | Reached XP level 6. HP: 38/56 MP: 6/6
  3470 | D:4      | HP: 2/56 [adder skeleton (3)]
  3953 | D:4      | Noticed a water moccasin
  3970 | D:4      | Killed a water moccasin
  3976 | D:4      | Reached XP level 7. HP: 45/61 MP: 7/7
  4041 | D:4      | Reached skill level 5 in Short Blades
  4295 | D:4      | Reached skill level 6 in Fighting
  4301 | D:4      | Slain by an ogre

Illustrated notes

Levels and vault maps discovered:
D:1:      matt_arrival_refuge, layout_loops_ring,
          dreamdust_ecumenical_altar_statues, kennysheep_pointless_box,
          minmay_rat_gold_closets
D:2:      layout_loops_cross, minmay_3d_cube
D:3:      layout_rooms, chequers_temple_overflow_minitemple,
          mainiacjoe_overflow_alcove_1, serial_shops, shop, shop, uniq_terence,
          uniq_robin
D:4:      minmay_chambers_of_threes, layout_rooms, minmay_misc_feat_doors,
          kennysheep_decorative_pillar

Skill      XL: |  1  2  3  4  5  6  7 |
---------------+----------------------+-----
Fighting       | 4 5 6 |  6.0
Short Blades   | 1 2 3 4 5 |  5.4
Dodging        | 3 |  3.8
Axes           | |  4.3
Stealth        | |  1.5

Action                   |  1- 3 |  4- 6 |  7- 9 || total
-------------------------+-------+-------+-------++-------
Melee: Hand axe          |    40 |       |       ||    40
       Dagger            |    80 |   146 |    42 ||   268
  Use: Potion            |       |     3 |     4 ||     7
       Scroll            |       |     1 |     1 ||     2
 Stab: Sleeping          |     1 |       |       ||     1
Armor: Robe              |    11 |       |       ||    11
       Ring mail         |    48 |    43 |       ||    91
       Chain mail        |       |    35 |    21 ||    56
Dodge: Dodged            |    80 |    76 |    14 ||   170

Table legend: (Time is in decaauts)
 A = Elapsed time spent in this place.
 B = Non-inter-level travel time spent in this place.
 C = Inter-level travel time spent in this place.
 D = Time resting spent in this place.
 E = Time spent auto-exploring this place.
 F = Levels seen in this place.
 G = Mean time per level.
                   A        B        C        D        E       F      G
               +--------+--------+--------+--------+--------+-----+--------+
         Total |   4284 |   4152 |    132 |    773 |   2306 |   4 | 1071.0 |
       Dungeon |   4284 |   4152 |    132 |    773 |   2306 |   4 | 1071.0 |
               +--------+--------+--------+--------+--------+-----+--------+

Top non-repeatable levels by time:
     D:3: 1296 daAuts
     D:4: 1019 daAuts
     D:1: 997 daAuts
     D:2: 972 daAuts
